 Dungeon Crawl Stone Soup version 0.28.0-53-g5a82cb258f (webtiles) character file.

Game seed: 6276058659818197714

16006 Fartwhistle the Protected (level 12, -8/114 HPs)
             Began as a Djinni Conjurer on June 16, 2022.
             Was an Elder of Hepliaklqana.
             Mangled by a komodo dragon (20 damage)
             ... on level 2 of the Lair of Beasts.
             The game lasted 00:42:46 (18009 turns).

Fartwhistle the Protected (Djinni Conjurer)        Turns: 18009, Time: 00:42:47

Health: -8/114     AC: 26    Str:  8    XL:     12   Next: 64%
Gold:   336        EV:  2    Int: 23    God:    Hepliaklqana [****..] SH:  0 Dex: 12

rFire   . . .      SeeInvis .   K - +8 mithril axe "Arga" {speed, Will+}
rCold   . . .      Faith    .   (no shield)
rNeg    . . .      Spirit   .   (armour currently unavailable)
rPois   ∞          Reflect  .   (helmet currently unavailable)
rElec   .          Harm     .   (cloak currently unavailable)
rCorr   .          Rampage  .   (gloves currently unavailable)
Will    ++...      NoTele   +   (boots unavailable)
Stlth   ++........              v - amulet of the acrobat
HPRegen 0.29/turn               I - ring of wizardry
MPRegen 0.00/turn               g - +4 ring of evasion

@: mighty, tree-form
A: stationary, stasis, torment immunity, boosted hp, reduced essence, sickness
immunity, (fire resistance 2), (cold vulnerability 1), float, innate caster, HP
casting, extra vitality 1
a: Renounce Religion, Ancestor Life: Knight, Ancestor Life: Battlemage, Ancestor
Life: Hexer, Recall Ancestor, Ancestor Identity, Transference, Idealise


You were on level 2 of the Lair of Beasts.
You worshipped Hepliaklqana.
Hepliaklqana was greatly pleased with you.
You were a tree.
You visited 3 branches of the dungeon, and saw 13 of its levels.
You also visited: Sewer.

You collected 595 gold pieces.
You spent 259 gold pieces at shops.

Inventory:

Hand Weapons
 K - the +8 mithril axe "Arga" (weapon) {speed, Will+}
   (You took it off an orc on level 8 of the Dungeon)

   Attacks with this weapon are significantly faster.
   Will:      It increases your willpower.
Missiles
 k - 5 atropa-tipped darts
Armour
 b - a +2 hat of willpower (melded)
 s - a +5 ring mail of cold resistance (melded)
 A - a +0 helmet
 D - a +1 cloak (melded)
Magical Staves
 y - a staff of conjuration
Jewellery
 d - a ring of resist corrosion
 g - a +4 ring of evasion (right branch)
 o - a ring of protection from fire
 v - an amulet of the acrobat (around neck)
 I - a ring of wizardry (left branch)
 O - a ring of fire
Wands
 w - a wand of charming (13)
 B - a wand of mindburst (11)
 C - a wand of acid (9)
 E - a wand of polymorph (8)
 G - a wand of paralysis (9)
 J - a wand of flame (29)
 M - a wand of iceblast (4)
Scrolls
 f - 2 scrolls of enchant weapon
 h - 2 scrolls of holy word
 i - 3 scrolls of magic mapping
 j - a scroll of brand weapon
 l - 2 scrolls of fog {unknown}
 m - 5 scrolls of teleportation
 n - 4 scrolls of immolation {unknown}
 p - a scroll of enchant armour
 r - 2 scrolls of blinking
 u - a scroll of summoning {unknown}
 F - a scroll of noise {unknown}
 L - 3 scrolls of vulnerability {unknown}
Potions
 a - a potion of heal wounds
 e - 3 potions of lignification
 q - 4 potions of invisibility
 t - a potion of cancellation
 x - a potion of berserk rage
 z - a potion of attraction
 H - a potion of brilliance {unknown}
 N - a potion of curing
Miscellaneous
 P - a lightning rod (4/4)


   Skills:
 * Level 7.6 Fighting
 + Level 2.9 Axes
 - Level 12.8 Armour
 - Level 4.1 Dodging
 - Level 1.5 Stealth
 * Level 9.9 Spellcasting
 + Level 0.8 Invocations
 + Level 0.6 Evocations


You had 2 spell levels left.
You knew the following spells:

 Your Spells              Type           Power      Damage    Failure   Level
a - Magic Dart            Conj           100%       1d8       1%          1
b - Searing Ray           Conj           100%       2d8       1%          2
c - Dazzling Flash        Conj/Hex       100%       N/A       1%          3
d - Fulminant Prism       Conj/Hex       27%        3d14      1%          4
e - Iskenderun's Mystic   Conj/Tloc      54%        2d12      1%          4
f - Sting                 Tmut/Pois      100%       1d8       1%          1
g - Ensorcelled Hibernat  Hex/Ice        100%       N/A       1%          2
h - Gell's Gravitas       Tloc           54%        N/A       1%          3
i - Ice Form              Ice/Tmut       54%        N/A       1%          4
j - Hailstorm             Conj/Ice       54%        3d12      1%          4
Your spell library was empty.

Dungeon Overview and Level Annotations

Branches:
Dungeon (10/15)            Temple (1/1) D:4            Lair (2/6) D:10
    Orc (0/2) D:9           Sewer (visited)
  Swamp: Lair:2-4    Shoals: Lair:2-4     Snake: Lair:2-4    Spider: Lair:2-4

Altars:
Ashenzari
Cheibriados
Dithmenos
Elyvilon
Fedhas
Gozag
Hepliaklqana
Kikubaaqudgha
Makhleb
Nemelex Xobeh
Okawaru
Qazlal
Ru
Sif Muna
Trog
Uskayaw
Vehumet
Wu Jian
Xom
Yredelemnul
Zin
The Shining One
Beogh

Shops:
D:3 ?   D:5 ?

Annotations:
D:1 exclusion: downstairs
D:4 2 transporters, SHADDY's ghost, amateur DDFi
Lair:2 Urug


Innate Abilities, Weirdness & Mutations

You are a tree.
Your roots penetrate the ground, keeping you stationary.
You cannot be teleported.
You are immune to unholy pain and torment.
Your maximum health is greatly increased.
Your equipment is partially melded.
Your life essence is reduced to manifest your ancestor. (-10% HP)
You are immune to sickness and miasma.
You are immune to poison.
((Your flesh is very heat resistant. (rF++)))
((You are vulnerable to cold. (rC-)))
You float through the air rather than walking.
You learn spells naturally, not from books.
Your magical power is your life essence.
You have superior vitality. (+4 MHP)


Message History

You slash the yak! You hit the yak. You slash the yak! The yak gores you!
* * * LOW HITPOINT WARNING * * *
The yak gores you but does no damage. x2
Unknown command.
You slash the yak!
The yak is moderately wounded.
You barely miss the yak. You slash the yak!
You kill the yak!
You slash the yak!
The yak gores you but does no damage. x2
Unknown command.
You slice the yak!!
The yak is severely wounded.
You barely miss the yak. You slash the yak! The yak gores you.
* * * LOW HITPOINT WARNING * * *
The yak gores you but does no damage. x2
Unknown command.
You completely miss the yak.
The yak is severely wounded.
You barely miss the yak. x2; The yak gores you but does no damage. x2
Unknown command.
You slash the yak!
You kill the yak!
You barely miss the yak. You slash the yak! x2
The yak gores you but does no damage. x2
Unknown command.
You slice the yak!!
You kill the yak!
You slash the yak!
You kill the yak!
You slash the yak!
You kill the yak!
Unknown command.
You closely miss the komodo dragon. You slash the yak!
The komodo dragon bites you but does no damage.
The yak gores you but does no damage.
Unknown command.
You hit the komodo dragon.
The komodo dragon is lightly wounded.
You closely miss the yak. The komodo dragon bites you!!
You die...

.....##...# .
## #....#
....##.####..#
l............#
.............#
.............#
.............#
....#....#..Y##
....#....##.l♣#
.........##..†#
.. #.....##..##
#..# .... .#...
.#...P ..##..


You could see a komodo dragon and a yak.

Vanquished Creatures
  3 two-headed ogres (D:10)
  A deep elf pyromancer (D:7)
  A cyclops (D:8)
  Joseph (D:8)
  2 komodo dragons
  2 trolls
  Grinder (D:4)
  Prince Ribbit (D:6)
  Sigmund (D:2)
  A shadow (D:9)
  3 wyverns
  2 wraiths
  18 yaks
  A basilisk (D:10)
  A steam dragon (D:8)
  Grum (D:8)
  Edmund (D:4)
  4 water moccasins
  2 black bears
  2 ice beasts (D:6)
  2 orc warriors (D:9)
  2 necrophages
  7 ogres
  7 wolves
  3 centaurs
  A phantom (D:6)
  7 kobold brigands
  5 bullfrogs
  2 gnoll sergeants (D:9)
  4 scorpions
  A water moccasin zombie (D:5)
  A wyvern skeleton (D:7)
  8 killer bees
  7 wights
  A howler monkey (D:8)
  2 hounds (D:4)
  2 bullfrog zombies (D:6)
  3 jellies
  5 orc priests
  Jessica (D:2)
  An iguana (D:3)
  6 orc wizards
  A scorpion zombie (D:5)
  2 hound skeletons
  A howler monkey zombie (D:7)
  8 adders
  5 gnolls
  A howler monkey skeleton (D:4)
  A shadow imp (D:4)
  2 white imps
  2 ufetubi
  A worm (D:3)
  8 dart slugs
  41 orcs
  7 bats
  6 endoplasms
  10 giant cockroaches
  6 goblins
  4 hobgoblins
  2 jackals (D:1)
  5 quokkas
  5 ball pythons
  6 frilled lizards
  28 kobolds
  4 rats (D:1)
283 creatures vanquished.

Vanquished Creatures (collateral kills)
  A two-headed ogre (D:8)
  An unseen horror (D:10)
  A dream sheep (shapeshifter) (D:8)
  A wyvern (D:10)
  2 yaks (D:9)
  An orc warrior (D:10)
  2 centaurs
  A phantom (D:5)
  A bullfrog (Lair:1)
  A gnoll sergeant (D:9)
  A killer bee (D:8)
  A wight (D:7)
  A centaur zombie (D:10)
  A bullfrog skeleton (D:6)
  An iguana (D:5)
  An orc wizard (D:6)
  A howler monkey zombie (D:6)
  A white imp (D:7)
  3 orcs
  3 kobolds
26 creatures vanquished.

Vanquished Creatures (others)
  15 ancestors
  51 fulminant prisms
  5 fungi
  8 plants
79 creatures vanquished.

Grand Total: 388 creatures vanquished

Notes
Turn   | Place    | Note
-------+----------+-------------------------------------------
     0 | D:1      | Fartwhistle the Djinni Conjurer began the quest for the
                  | Orb.
     0 | D:1      | Reached XP level 1. HP: 15/15 MP: 0/0
   215 | D:1      | Reached XP level 2. HP: 14/22 MP: 0/0
   220 | D:1      | Reached skill level 1 in Fighting
   751 | D:1      | Reached XP level 3. HP: 25/27 MP: 0/0
   751 | D:1      | Learned a level 1 spell: Sting
  1324 | D:1      | Found a faded altar of an unknown god.
  1426 | D:2      | Noticed Jessica
  1456 | D:2      | Noticed Sigmund
  1703 | D:2      | Reached XP level 4. HP: 30/33 MP: 0/0
  1869 | D:2      | Killed Sigmund
  1870 | D:2      | Reached XP level 5. HP: 12/41 MP: 0/0
  1870 | D:2      | Learned a level 2 spell: Ensorcelled Hibernation
  1870 | D:2      | Reached XP level 6. HP: 13/47 MP: 0/0
  2273 | D:2      | Killed Jessica
  2979 | D:3      | Found Peib Afyr's Magic Scroll Shop.
  3008 | D:3      | Bought a scroll of teleportation for 39 gold pieces
  3189 | D:3      | Found a snail-covered altar of Cheibriados.
  3309 | D:4      | Found a staircase to the Ecumenical Temple.
  3532 | D:4      | Reached XP level 7. HP: 50/52 MP: 0/0
  3532 | D:4      | Learned a level 3 spell: Gell's Gravitas
  3593 | D:4      | Found a transporter.
  3628 | D:4      | Found a transporter.
  3632 | D:4      | Noticed SHADDY's ghost (amateur DDFi)
  3678 | Temple   | Entered the Ecumenical Temple
  3798 | Temple   | Became a worshipper of Hepliaklqana the Forgotten
  3904 | D:4      | Noticed Grinder
  4331 | D:4      | Killed Grinder
  4332 | D:4      | Reached skill level 5 in Spellcasting
  4576 | D:4      | Noticed Edmund
  4597 | D:4      | Killed Edmund
  4598 | D:4      | Reached skill level 5 in Fighting
  4598 | D:4      | Reached XP level 8. HP: 29/59 MP: 0/0
  5113 | D:4      | Reached skill level 1 in Armour
  5811 | D:4      | Reached skill level 2 in Armour
  5989 | D:5      | Entered Level 5 of the Dungeon
  6042 | D:5      | Reached skill level 3 in Armour
  6243 | D:5      | Found a glowing drain.
  6254 | Sewer    | Entered a sewer
  6371 | Sewer    | Reached skill level 4 in Armour
  6968 | D:5      | Reached * piety under Hepliaklqana
  7074 | D:5      | Reached skill level 5 in Armour
  7074 | D:5      | Reached XP level 9. HP: 43/58 MP: 0/0
  7074 | D:5      | Learned a level 4 spell: Ice Form
  7391 | D:5      | Found Jaefeyqo's Magic Scroll Emporium.
  7397 | D:5      | Bought a scroll of blinking for 97 gold pieces
  7397 | D:5      | Bought a scroll of identify for 26 gold pieces
  7397 | D:5      | Bought a scroll of enchant armour for 97 gold pieces
  7686 | D:6      | Identified the +0 leather armour of the Locust {Drain rN+++
                  | Dex+4}
  7804 | D:6      | Reached skill level 6 in Armour
  8148 | D:6      | Noticed Prince Ribbit
  8178 | D:6      | Killed Prince Ribbit
  8179 | D:6      | Reached skill level 7 in Armour
  9340 | D:7      | Reached skill level 8 in Armour
  9346 | D:7      | Reached XP level 10. HP: 46/63 MP: 0/0
  9622 | D:7      | Reached ** piety under Hepliaklqana
 10241 | D:8      | Noticed Joseph
 10264 | D:8      | Killed Joseph
 10265 | D:8      | Reached skill level 9 in Armour
 10698 | D:8      | Noticed a komodo dragon
 10729 | D:8      | Killed a komodo dragon
 11089 | D:8      | Found an iron altar of Okawaru.
 11137 | D:8      | Noticed a fire crab
 11137 | D:8      | a wind drake changed into a fire crab
 11142 | D:8      | Noticed a mana viper
 11142 | D:8      | a fire crab changed into a mana viper
 11144 | D:8      | Noticed a lindwurm
 11144 | D:8      | a mana viper changed into a lindwurm
 11670 | D:8      | Reached skill level 10 in Armour
 11677 | D:8      | Noticed a deep elf pyromancer
 12015 | D:7      | Killed a deep elf pyromancer
 12153 | D:8      | Found a shadowy altar of Dithmenos.
 12164 | D:8      | Found a bloodstained altar of Trog.
 12167 | D:8      | Found an ornate altar of the Wu Jian Council.
 12197 | D:8      | Identified the +0 ring mail "Fedwezy" {Str-4 Int+4 Stlth+}
 12220 | D:8      | Noticed a cyclops
 12235 | D:8      | Noticed a two-headed ogre
 12503 | D:8      | Noticed Grum
 12510 | D:8      | Killed Grum
 12519 | D:8      | Noticed a cyan ugly thing
 12831 | D:8      | Killed a two-headed ogre
 12832 | D:8      | Reached skill level 11 in Armour
 12832 | D:8      | Reached XP level 11. HP: 57/67 MP: 0/0
 12832 | D:8      | Learned a level 4 spell: Hailstorm
 12882 | D:8      | Found the +3 Elemental Staff {rElec rF++ rC++ AC+5}
 12948 | D:8      | Killed a cyclops
 13642 | D:9      | Reached skill level 12 in Armour
 14720 | D:9      | Found a staircase to the Orcish Mines.
 15488 | D:10     | Entered Level 10 of the Dungeon
 15488 | D:10     | Reached *** piety under Hepliaklqana
 15660 | D:10     | Noticed a two-headed ogre
 15669 | D:10     | Killed a two-headed ogre
 15670 | D:10     | Reached skill level 1 in Axes
 15670 | D:10     | Reached XP level 12. HP: 40/73 MP: 0/0
 15687 | D:10     | Noticed a two-headed ogre
 16388 | D:10     | Killed a two-headed ogre
 16588 | D:10     | Noticed a two-headed ogre
 16598 | D:10     | Killed a two-headed ogre
 16960 | D:10     | Found a glowing silver altar of Zin.
 16961 | D:10     | Found an opulent altar of Gozag.
 17001 | D:10     | Found a staircase to the Lair.
 17173 | Lair:1   | Entered Level 1 of the Lair of Beasts
 17598 | Lair:1   | Reached **** piety under Hepliaklqana
 17952 | Lair:2   | Noticed a seven-headed hydra
 17961 | Lair:2   | Noticed Urug
 18009 | Lair:2   | Mangled by a komodo dragon

Illustrated notes

Levels and vault maps discovered:
D:1:      saegor_arrival_simple_c, layout_basic, basic_ecumenical_altar,
          st_stairs_9, minmay_fountain_box
D:2:      layout_rooms, basic_altar, uniq_jessica, uniq_sigmund
D:3:      layout_loops_ring, mainiacjoe_overflow_alcove_4, serial_shops,
          nicolae_shop_waterfront, grunt_decor_fettered
D:4:      minmay_bubble_buster, layout_basic, minmay_temple_entry_grid,
          gammafunk_ghost_stat_death, uniq_grinder, uniq_edmund
D:5:      layout_basic, portal_sewer_entry_d, serial_shops,
          kennysheep_little_box, serial_bayou_ford_a
D:6:      layout_basic, minmay_misc_feat_tower, grunt_ministairs_4,
          roderic_roman_lattice, kb_lookout_dungeons_type, uniq_prince_ribbit1
D:7:      layout_loops_ring, chequers_mini_garden, hangedman_decor_growths,
          kennysheep_potato
D:8:      minmay_cut_squares, layout_basic,
          nicolae_overflow_hallway_of_the_gods, okawaru_metal_pillars_1_2,
          uniq_joseph, uniq_grum
D:9:      layout_loops_ring, kennysheep_orc_monster_closet_entryway,
          david_defended_altar_orc
D:10:     layout_big_octagon, grunt_temple_overflow_gold_and_silver,
          minmay_lair_entry_grove
Temple:   nicolae_temple_god_jail
Lair:1:   layout_regular_city, wad_woods_road_01
Lair:2:   layout_regular_city, beast_lair_carwin_6, uniq_urug

Skill      XL: |  1  2  3  4  5  6  7  8  9 10 11 12 |
---------------+-------------------------------------+-----
Fighting       | 1 2 3 4 5 7 |  7.6
Spellcasting   | 4 5 6 8 9 |  9.9
Dodging        | 4 |  4.1
Armour         | 5 8 11 12 | 12.8
Axes           | 1 2 |  2.9
Stealth        | |  1.5
Invocations    | |  0.8
Evocations     | |  0.6

Action                   |  1- 3 |  4- 6 |  7- 9 | 10-12 || total
-------------------------+-------+-------+-------+-------++-------
Melee: Hand axe          |    10 |     7 |   118 |    35 ||   170
       Unarmed           |       |       |    25 |    11 ||    36
       Broad axe         |       |       |       |   345 ||   345
       Punch             |       |       |       |     9 ||     9
 Cast: Magic Dart        |    64 |    67 |   223 |   141 ||   495
       Ensorcelled Hiber |       |     2 |     3 |     7 ||    12
       Sting             |       |     1 |     4 |     3 ||     8
       Gell's Gravitas   |       |       |     2 |       ||     2
       Fulminant Prism   |       |       |    11 |    41 ||    52
       Dazzling Flash    |       |       |     1 |       ||     1
       Ice Form          |       |       |     2 |     2 ||     4
       Hailstorm         |       |       |       |     9 ||     9
       Iskenderun's Myst |       |       |       |     5 ||     5
Invok: Ancestor Identity |       |       |     1 |       ||     1
Evoke: Wand              |       |       |       |     2 ||     2
  Use: Scroll            |       |       |     5 |    14 ||    19
       Potion            |       |       |       |     4 ||     4
 Stab: Sleeping          |       |     1 |     2 |       ||     3
       Distracted        |       |       |     2 |     2 ||     4
       Paralysed         |       |       |       |     8 ||     8
Armor: Robe              |     2 |       |    10 |       ||    12
       Ring mail         |       |       |     9 |   177 ||   186
       Skin              |       |       |     4 |    33 ||    37
Dodge: Dodged            |    11 |     8 |   155 |   448 ||   622
